 Dungeon Crawl Stone Soup version 0.26.1-2-gb8aa6d0cf2 (webtiles) character file.

Game seed: 13180227666734199112

64 Gwenloh the Magician (level 3, -1/31 HPs)
             Began as a Palentonga Hedge Wizard on Mar 25, 2021.
             Slain by a leopard gecko (2 damage)
             ... on level 2 of the Dungeon.
             The game lasted 00:09:08 (2260 turns).

Gwenloh the Magician (Palentonga Hedge Wizard)      Turns: 2260, Time: 00:09:11

Health: -1/31      AC:  4    Str: 13    XL:     3   Next: 91%
Magic:  1/7        EV: 10    Int: 14    God:
Gold:   156        SH:  0    Dex: 10    Spells: 5/8 levels left

rFire    + . .     SeeInvis +   e - +0 whip
rCold    + . .     Faith    .   (no shield)
rNeg     . . .     Spirit   .   b - +0 robe
rPois    +         Reflect  .   c - +0 hat
rElec    +         Harm     .   (no cloak)
rCorr    +         Rampage  .   (no gloves)
Will     .....                  (no barding)
Stlth    +.........             (no amulet)
HPRegen  0.10/turn              (no ring)
MPRegen  0.10/turn              (no ring)

@: brilliant, lethally poisoned (-1 -> -5), resistant
A: large, rugged brown scales 3, see invisible, deformed body, roll 1, armoured
tail
a: Rolling Charge


You were on level 2 of the Dungeon.
You visited 1 branch of the dungeon, and saw 2 of its levels.

You collected 156 gold pieces.

Inventory:

Hand Weapons
 a - a +0 dagger
 e - a +0 whip (weapon)
Missiles
 f - 34 stones
 k - 10 poisoned darts (quivered)
Armour
 b - a +0 robe (worn)
 c - a +0 hat (worn)
Scrolls
 g - a scroll of teleportation {unknown}
 h - 2 scrolls of enchant weapon {unknown}
 i - a scroll of amnesia {unknown}
 j - 4 scrolls of identify {unknown}
 l - a scroll of blinking {unknown}


   Skills:
 * Level 1.8 Fighting
 - Level 0.4 Short Blades
 + Level 0.9 Armour
 - Level 1.5 Dodging
 - Level 1.3 Stealth
 - Level 3.3 Spellcasting
 - Level 0.8 Conjurations
 - Level 0.7 Summonings
 * Level 2.1 Translocations


You had 5 spell levels left.
You knew the following spells:

 Your Spells              Type           Power        Failure   Level
a - Magic Dart            Conj           28%          14%         1
b - Blink                 Tloc           N/A          13%         2

Your spell library contained the following spells:

 Spells                   Type           Power        Failure   Level
 Call Imp                 Summ           6%           24%         2
 Slow                     Hex            3%           30%         2
 Conjure Flame            Conj/Fire      5%           45%         3
 Mephitic Cloud           Conj/Pois/Air  4%           50%         3


Dungeon Overview and Level Annotations

Branches:
Dungeon (2/15)

Altars:
Qazlal
Xom


Innate Abilities, Weirdness & Mutations

You are completely covered in rugged brown scales. (AC +3, +7% HP)
You have supernaturally acute eyesight. (SInv)
Armour fits poorly on your strangely shaped body.
You can roll at nearby foes to attack.
You have a long armoured tail.


Message History

You hit the leopard gecko.
Your tail-slap misses the leopard gecko.
The leopard gecko is moderately wounded.
The leopard gecko bites you but does no damage.
The worm bites you.
* * * LOW HITPOINT WARNING * * *
Casting: Blink (safe; 13% risk of failure)
Confirm with . or Enter, or press ? or * to list all spells.
You blink.
* * * LOW HITPOINT WARNING * * *
You feel sick.
It was a potion of resistance.
You feel protected.
It was a potion of brilliance.
You feel clever all of a sudden.
* * * LOW HITPOINT WARNING * * *
You feel sick.
The leopard gecko bites you but does no damage.
The leopard gecko bites you.
You die...

#. . # #.###. #
#....# #######
.###....# .......
........# ......
........######.##
......
.....(...w.......
...#
######...######.##
...#
#....†@l......#
...#
#.####..#####.#
...########.# ##.#
#...........# ...
.....########
.##.# #....# . .#
##†..# .# .....#
.. .....#


You could see a worm and a leopard gecko.

Vanquished Creatures
  2 adders (D:2)
  An ooze (D:1)
  A dart slug (D:1)
  4 bats (D:1)
  2 giant cockroaches (D:2)
  8 goblins (D:1)
  2 hobgoblins (D:1)
  6 jackals (D:1)
  A quokka (D:2)
  2 frilled lizards
  3 kobolds
  5 rats
37 creatures vanquished.

Notes
Turn   | Place    | Note
-------+----------+-------------------------------------------
     0 | D:1      | Gwenloh the Palentonga Hedge Wizard began the quest for the
                  | Orb.
     0 | D:1      | Reached XP level 1. HP: 14/14 MP: 4/4
   401 | D:1      | Reached XP level 2. HP: 21/21 MP: 6/6
   404 | D:1      | Learned a level 2 spell: Blink
  1021 | D:1      | Reached skill level 1 in Fighting
  1028 | D:1      | Reached XP level 3. HP: 18/29 MP: 7/7
  1818 | D:2      | Found a shimmering altar of Xom.
  2157 | D:2      | Found a stormy altar of Qazlal.
  2260 | D:2      | HP: 1/31 [poisoned by an adder]
  2260 | D:2      | Slain by a leopard gecko

Illustrated notes

Levels and vault maps discovered:
D:1:      lemuel_arrival_cross, layout_basic, minmay_misc_feat_tiny,
          minmay_misc_feat_square, dk_noncrumbling_2, chequers_mini_garden
D:2:      layout_basic, lemuel_doored_altar, lemuel_coloured_pillars_altar,
          lemuel_crystal_altar

Skill      XL: |  1  2  3 |
---------------+----------+-----
Fighting       | 1 |  1.8
Translocations | 2 |  2.1
Short Blades   | |  0.4
Armour         | |  0.9
Dodging        | |  1.5
Stealth        | |  1.3
Spellcasting   | |  3.3
Conjurations   | |  0.8
Summonings     | |  0.7

Action                   || total
-------------------------++-------
Melee: Dagger            ||    84
       Tailslap          ||     5
       Whip              ||   103
Throw: Dart              ||     3
 Cast: Blink             ||     7
       Magic Dart        ||     9
 Abil: Rolling Charge    ||    23
  Use: Potion            ||     2
Armor: Robe              ||    95
Dodge: Dodged            ||   152
